Map: Emerald City CE

Players

dnacrystal

  • Race: Protoss Protoss
  • Spawn Location: 11:00

A.I. 1 (Very Easy)

  • Race: Terran Terran
  • Spawn Location: 11:00

A.I. 2 (Very Easy)

  • Race: Terran Terran
  • Spawn Location: 5:00

A.I. 3 (Very Easy)

  • Race: Terran Terran
  • Spawn Location: 5:00

VOD

Have the link to the VOD?

Description

Build Order created using Super Fusion.

Time

  • Played on: Nov. 15, 2024, 6:31 a.m.
  • Length: 6:57
Show
View Real Time Build Order
Export as new Build Order

dnacrystal Protoss 

Build Orders: 1 Gate Expand 

Get SALT Encoding   

  12  0:00  Probe  
  13  0:12  Probe  
  14  0:18  Pylon  
  14  0:24  Probe  
  15  0:36  Probe (Chrono Boost)  
  15  0:41  Gateway  
  16  0:46  Probe (Chrono Boost)  
  17  0:51  Probe (Chrono Boost)  
  18  1:03  Probe  
  19  1:13  Nexus  
  19  1:16  Probe  
  20  1:24  Assimilator  
  20  1:28  Assimilator  
  20  1:29  Probe  
  21  1:38  Cybernetics Core  
  21  1:41  Probe  
  22  1:50  Pylon  
  22  1:54  Probe  
  23  2:01  Assimilator  
  23  2:08  Zealot, Probe  
  26  2:20  Probe  
  27  2:25  Probe  
  27  2:28  Stargate  
  28  2:32  Probe  
  29  2:37  Probe  
  29  2:42  Stargate  
  30  2:45  Probe  
  30  2:49  Probe  
  30  2:50  Warp Gate  
  32  2:57  Probe  
  33  3:01  Probe  
  34  3:09  Probe  
  35  3:16  Probe  
  40  3:20  Pylon  
  40  3:21  Void Ray (Chrono Boost)  
  40  3:23  Probe  
  41  3:28  Probe  
  42  3:38  Probe  
  42  3:39  Void Ray (Chrono Boost)  
  42  3:40  Probe  
  48  3:45  Pylon  
  48  3:50  Probe  
  48  3:52  Probe  
  54  4:02  Assimilator  
  54  4:03  Probe, Void Ray (Chrono Boost)  
  54  4:05  Probe  
  56  4:16  Probe, Void Ray (Chrono Boost)  
  61  4:19  Pylon  
  61  4:21  Probe  
  62  4:24  Forge  
  66  4:45  Void Ray x2 (Chrono Boost), Pylon  
  70  4:50  Shield Battery  
  70  4:51  Pylon  
  70  4:58  Photon Cannon  
  70  5:13  Void Ray (Chrono Boost)  
  78  5:14  Void Ray (Chrono Boost)  
  78  5:17  Photon Cannon  
  78  5:35  Photon Cannon  
  78  5:49  Void Ray (Chrono Boost)  
  86  5:50  Void Ray (Chrono Boost)  
  86  6:08  Pylon  
Show
View Real Time Build Order
Export as new Build Order

A.I. 1 (Very Easy) Terran 

Build Orders:  

Get SALT Encoding   

  12  0:00  SCV  
  13  0:13  SCV  
  14  0:18  Supply Depot  
  14  0:39  Refinery  
  14  0:43  Barracks  
  14  1:08  Supply Depot  
  14  1:16  Refinery  
  14  1:31  Marine  
  14  1:32  Orbital Command  
  15  1:57  SCV  
  16  2:09  SCV  
  17  2:19  Marine  
  17  2:21  SCV  
  19  2:33  SCV  
  20  2:37  Barracks Tech Lab  
  20  2:45  SCV  
  21  2:57  SCV  
  22  3:07  Marauder  
  24  6:53  Supply Depot  
  26  6:55  Factory  
Show
View Real Time Build Order
Export as new Build Order

A.I. 2 (Very Easy) Terran 

Build Orders:  

Get SALT Encoding   

  12  0:01  SCV  
  13  0:13  SCV  
  14  0:18  Supply Depot  
  14  0:38  Refinery  
  14  0:43  Barracks  
  14  1:04  Supply Depot  
  14  1:13  Refinery  
  14  1:30  Marine, Orbital Command  
  15  1:56  SCV  
  16  2:08  SCV  
  17  2:16  Marine  
  17  2:21  SCV  
  19  2:33  SCV  
  19  2:35  Barracks Tech Lab  
  20  2:45  SCV  
  21  2:57  SCV  
  22  3:03  Marauder  
  24  5:27  Marine  
  25  5:30  Supply Depot  
  25  5:38  Command Center  
  25  5:42  Supply Depot  
  21  5:46  Command Center  
  20  5:56  Marine  
  21  6:25  Marauder  
  23  6:38  Supply Depot  
  18  6:53  Factory  
Show
View Real Time Build Order
Export as new Build Order

A.I. 3 (Very Easy) Terran 

Build Orders:  

Get SALT Encoding   

  12  0:01  SCV  
  13  0:13  SCV  
  14  0:19  Supply Depot  
  14  0:36  Refinery  
  14  0:43  Barracks  
  14  1:05  Supply Depot  
  14  1:13  Refinery  
  14  1:30  Marine  
  14  1:31  Orbital Command  
  15  1:56  SCV  
  16  2:08  SCV  
  16  2:13  Marine  
  18  2:20  SCV  
  19  2:32  Barracks Tech Lab  
  19  2:33  SCV  
  20  2:45  SCV  
  21  2:56  Marauder  
  21  2:57  SCV  
  24  5:48  Marine  
  25  5:50  Supply Depot  
  25  5:53  SCV  
  19  6:13  Command Center  
Tags
 
Add a new tag
Caveats
  • Supply blocks, unpowered buildings, or Contaminate may cause inaccurate times.
  • Supply counts are checked every 10 seconds.